Map: Orbital Shipyard

Players

Grumm - Winner!

  • Race: Protoss Protoss
  • League: Gold

poonter

  • Race: Terran Terran
  • League: Gold

VOD

Have the link to the VOD?

Description

Time

  • Played on: Feb. 13, 2016, 12:58 p.m.
  • Length: 5:09
Show
View Real Time Build Order
Export as new Build Order

Grumm Protoss - Winner!

Build Orders:  

Get SALT Encoding   

  12  0:01  Probe (Chrono Boost)  
  13  0:12  Probe (Chrono Boost)  
  14  0:21  Pylon  
  14  0:22  Probe (Chrono Boost)  
  15  0:30  Assimilator  
  15  0:39  Probe (Chrono Boost)  
  16  0:44  Gateway  
  16  0:49  Probe (Chrono Boost)  
  17  1:02  Gateway  
  17  1:05  Probe (Chrono Boost)  
  18  1:23  Pylon  
  18  1:24  Probe (Chrono Boost)  
  19  1:35  Cybernetics Core  
  21  1:41  Zealot (Chrono Boost)  
  21  1:49  Zealot (Chrono Boost)  
  23  1:58  Probe  
  24  2:11  Robotics Facility  
  24  2:14  Warp Gate  
  24  2:16  Adept (Chrono Boost)  
  28  2:23  Assimilator  
  28  2:24  Adept (Chrono Boost)  
  28  2:44  Nexus  
  28  2:48  Probe  
  29  3:02  Mothership Core  
  31  3:19  Pylon  
  31  3:20  Stalker (Chrono Boost)  
  33  3:45  Stalker (Chrono Boost)  
  31  3:51  Pylon  
  31  3:55  Immortal (Chrono Boost)  
  35  4:22  Stalker  
  37  4:46  Probe  
  37  4:48  Stalker x2  
  37  4:51  Probe  
Show
View Real Time Build Order
Export as new Build Order

poonter Terran 

Build Orders:  

Get SALT Encoding   

  12  0:02  SCV  
  13  0:23  SCV  
  13  0:24  Supply Depot  
  14  0:44  SCV  
  15  0:56  SCV  
  16  1:08  SCV  
  16  1:09  Supply Depot  
  16  1:10  Supply Depot  
  17  1:20  Barracks  
  17  1:24  SCV  
  18  1:26  Barracks  
  18  1:42  SCV  
  19  1:54  SCV  
  20  2:09  Refinery  
  20  2:10  Barracks  
  20  2:12  Orbital Command, Barracks  
  20  2:16  Marine x2  
  22  2:38  Bunker, Marine x2  
  24  2:55  Marine  
  24  2:56  Marine x2  
  25  3:07  Marine  
  26  3:13  Marine x2  
  26  3:14  Marine  
  26  3:17  Bunker  
  28  3:25  Marine  
  28  3:31  Marine x2  
  28  3:32  Marine  
  23  4:04  Bunker  
  17  4:41  Marine  
  17  4:42  Marine  
Tags
 
Add a new tag
Caveats
  • Supply blocks, unpowered buildings, or Contaminate may cause inaccurate times.
  • Supply counts are checked every 10 seconds.